 Dungeon Crawl Stone Soup version 0.30-a0-965-g42e074c17a (webtiles) character file.

Game seed: 14504999333687982309

2888 Zdeegee the Covert (level 9, 0/42 (44) HPs)
             Began as a Spriggan Brigand on Mar 31, 2023.
             Was a Believer of Dithmenos.
             Slain by a wight
             ... wielding a +0 great sword
              (16 damage)
             ... on level 7 of the Dungeon.
             The game lasted 00:20:20 (7100 turns).

Zdeegee the Covert (Spriggan Brigand)               Turns: 7100, Time: 00:20:21

HP:   0/42 (44)     AC:  3    Str: 13    XL:     9   Next: 48%
MP:   6/13          EV: 21    Int: 12    God:    Dithmenos [**....]
Gold: 34            SH:  0    Dex: 21    Spells: 7/12 levels left

rFire   . . .      SeeInvis +    a - +1 dagger (elec)
rCold   . . .      Faith    .    (no shield)
rNeg    . . .      Spirit   .    s - +0 robe
rPois   .          Reflect  .    (helmet restricted)
rElec   .          Rampage  .    c - +0 cloak
rCorr   .                        (gloves unavailable)
Will    +....                    (boots unavailable)
Stlth   +++++++                  (no amulet)
HPRegen 0.27/turn                f - +6 ring of strength
MPRegen 0.13/turn                x - ring of wizardry

@: wreathed by umbra, lightly drained, very quick
A: very small, no large weapons, unfitting armour, see invisible, speed 3
a: Renounce Religion, Shadow Step


You were on level 7 of the Dungeon.
You worshipped Dithmenos.
Dithmenos was pleased with you.
You visited 1 branch of the dungeon, and saw 7 of its levels.
You also visited: Ossuary.

You collected 286 gold pieces.
You spent 252 gold pieces at shops.

Inventory:

Hand Weapons
 a - a +1 dagger of electrocution (weapon)
 b - the +3 whip "Subrunoh" {drain, rPois Str+3 Dex+4}
   (You found it on level 2 of the Dungeon)

   Str:       It affects your strength (+3).
   Dex:       It affects your dexterity (+4).
   rPois:     It protects you from poison.
 t - a +2 dagger
 C - a +1 long sword of holy wrath
 G - a +1 dagger of speed
Missiles
 d - 16 poisoned darts
 e - 3 curare-tipped darts
Armour
 c - a +0 cloak (worn)
 r - a +0 buckler
 s - a +0 robe (worn)
 H - a +2 robe of willpower
Jewellery
 f - a +6 ring of strength (left hand)
 m - a ring of willpower
 x - a ring of wizardry (right hand)
Wands
 I - a wand of roots (9)
Scrolls
 i - 3 scrolls of teleportation
 j - a scroll of brand weapon {unknown}
 k - 2 scrolls of noise {unknown}
 l - 2 scrolls of silence {unknown}
 n - a scroll of poison {unknown}
 o - a scroll of immolation {unknown}
 q - 3 scrolls of magic mapping {unknown}
 y - a scroll of torment
 A - a scroll of fear {unknown}
 B - a scroll of enchant armour {unknown}
 F - a scroll of amnesia
 J - a scroll of blinking
Potions
 g - 5 potions of flight
 h - 2 potions of brilliance
 p - a potion of ambrosia
 u - 2 potions of mutation
 v - 2 potions of curing
 w - 2 potions of lignification
 z - 2 potions of haste
 E - 2 potions of heal wounds
 K - a potion of invisibility
 L - a potion of might


   Skills:
 * Level 3.5 Fighting
 * Level 6.3 Short Blades
 + Level 1.7 Maces & Flails
 + Level 2.0 Throwing
 * Level 5.6 Dodging
 * Level 12.3 Stealth
 + Level 2.4 Spellcasting
 * Level 4.4 Hexes
 + Level 0.5 Ice Magic
 * Level 7.0 Evocations


You had 7 spell levels left.
You knew the following spells:

 Your Spells              Type           Power      Damage    Failure   Level
a - Ensorcelled Hibernat  Hex/Ice        14%        N/A       6%          2
b - Confusing Touch       Hex            12%        N/A       5%          3

Your spell library contained the following spells:

 Spells                   Type           Power      Damage    Failure   Level
 Slow                     Hex            48%        N/A       1%          1
 Passwall                 Tmut/Erth      0%         N/A       16%         2
 Hailstorm                Conj/Ice       2%         3d3       26%         3
 Swiftness                Air            1%         N/A       30%         3
 Vampiric Draining        Necr           1%         2d6       30%         3
 Ice Form                 Ice/Tmut       2%         N/A       65%         4
 Fireball                 Conj/Fire      0%         3d3       94%         5
 Iskenderun's Battlesphe  Conj           1%         2d6       94%         5
 Conjure Ball Lightning   Conj/Air       0%         3x3d6     100%        6
 Simulacrum               Ice/Necr       1%         N/A       100%        6
 Orb of Destruction       Conj           0%         9d5       100%        7


Dungeon Overview and Level Annotations

Branches:
Dungeon (7/15)             Temple (0/1) D:6         Ossuary (visited)

Altars:
Ashenzari
Cheibriados
Dithmenos
Nemelex Xobeh
Ru
Yredelemnul

Shops:
D:3 :   D:4 :   D:6 !


Innate Abilities, Weirdness & Mutations

You are very small and have problems with some larger weapons.
You are too small for most types of armour.
You have supernaturally acute eyesight. (SInv)
You cover ground extremely quickly. (Speed+++)


Message History

You hit the wight but do no damage. Lightning courses through the wight!
You destroy the wight!
Dithmenos accepts your kill.
Items here: )) [[.
Your hands begin to glow red.
You barely miss the wight. The wight barely misses you.
You hit the wight but do no damage. The wight closely misses you.
You closely miss the wight. You hit the wight but do no damage.
The wight appears confused.
The wight closely misses the wight.
The wight hits itself with a +0 halberd!
You catch the helpless wight completely off-guard!
You impale the wight!!
You destroy the wight!
Dithmenos accepts your kill.
Your Evocations skill increases to level 7!
You hit the wight but do no damage. You hit the wight but do no damage.
Lightning courses through the wight!!
You destroy the wight!
Dithmenos accepts your kill.
Your hands begin to glow red.
The wight barely misses you.
You hit the wight but do no damage.
The wight is lightly damaged.
The wight hits you with a +0 great sword!
You feel drained.
You are too injured to fight recklessly!
You are too injured to fight recklessly!
You are too injured to fight recklessly!
You hit the wight but do no damage.
The wight appears confused.
The wight is lightly damaged.
The wight barely misses itself.
You hit the wight.
The wight is heavily damaged.
You hit the wight but do no damage.
The wight is heavily damaged.
The wight completely misses you.
You hit the wight.
The wight is heavily damaged.
The wight hits you with a +0 great sword!
You die...

#....## #.....#........
..#### ##...##z...##
...########..#........# .
#.))......#.##.##.z.#.##..
..##.###....##.##..z......
.###...#..####.##z..#.....
## ###.#.>.###..z.......#
# ###..........###..###..
# #.............@z........
# #####.#####..###..#####>
#######.######...#..#####
.........................
.#....########.####....##
..>........##............
#.......................#
#..[....................#
........................#


You could see a wight (confused).

Vanquished Creatures
  Sigmund (D:3)
  Duvessa (D:7)
  An orc warrior (D:5)
  2 ice beasts (D:6)
  2 sky beasts
  3 black bears
  2 ogres
  A centaur (D:6)
  3 phantoms (D:5)
  A kobold brigand (D:5)
  A scorpion (D:6)
  6 water moccasin zombies (Ossuary)
  4 wights (D:7)
  Dowan (D:7)
  A howler monkey (D:7)
  2 orc priests
  5 hounds
  4 iguanas
  2 orc wizards
  2 mummies (Ossuary)
  Robin (D:3)
  6 gnolls
  8 adders
  A shadow imp (D:7)
  2 white imps
  5 adder zombies (Ossuary)
  A worm (D:2)
  A dart slug (D:3)
  11 orcs
  6 ball pythons
  7 endoplasms
  3 giant cockroaches
  A gnoll zombie (Ossuary)
  19 goblins
  5 hobgoblins
  3 jackals (D:2)
  11 kobolds
  3 quokkas
  2 bats (D:3)
  5 frilled lizards
  2 hobgoblin zombies (Ossuary)
  6 kobold zombies (Ossuary)
  3 orc zombies (Ossuary)
  6 rats
163 creatures vanquished.

Vanquished Creatures (others)
  9 plants (D:5)
9 creatures vanquished.

Grand Total: 172 creatures vanquished

Notes
Turn   | Place    | Note
-------+----------+-------------------------------------------
     0 | D:1      | Zdeegee the Spriggan Brigand began the quest for the Orb.
     0 | D:1      | Reached XP level 1. HP: 10/10 MP: 2/2
    82 | D:1      | Reached skill level 6 in Stealth
   269 | D:1      | Reached XP level 2. HP: 10/14 MP: 3/3
   580 | D:2      | Reached skill level 1 in Hexes
   637 | D:2      | Found a faded altar of an unknown god.
   691 | D:2      | Reached XP level 3. HP: 18/18 MP: 4/4
   765 | D:2      | Reached skill level 7 in Stealth
   961 | D:2      | Learned a level 2 spell: Ensorcelled Hibernation
  1006 | D:2      | Reached skill level 1 in Evocations
  1341 | D:2      | Identified the +3 whip "Subrunoh" {drain, rPois Str+3
                  | Dex+4}
  1483 | D:3      | Reached XP level 4. HP: 23/23 MP: 5/5
  1922 | D:3      | Reached XP level 5. HP: 24/26 MP: 6/6
  1973 | D:3      | Reached skill level 8 in Stealth
  2015 | D:3      | Noticed Robin
  2024 | D:3      | Killed Robin
  2276 | D:3      | Found Tegad's Book Shop.
  2334 | D:3      | Noticed Sigmund
  2341 | D:3      | Killed Sigmund
  2342 | D:3      | Reached XP level 6. HP: 30/30 MP: 7/7
  2915 | D:4      | Found Gaekonk's Self-Improvement Boutique.
  3016 | D:4      | Found a basalt altar of Yredelemnul.
  3019 | D:4      | Found a shadowy altar of Dithmenos.
  3022 | D:4      | Became a worshipper of Dithmenos the Shadowed
  3397 | D:4      | Found a sacrificial altar of Ru.
  3498 | D:4      | Reached skill level 9 in Stealth
  3604 | D:5      | Entered Level 5 of the Dungeon
  3670 | D:5      | Reached XP level 7. HP: 35/35 MP: 8/8
  3897 | D:5      | Learned a level 3 spell: Confusing Touch
  3937 | D:5      | Reached skill level 1 in Maces & Flails
  5098 | D:6      | Found a staircase to the Ecumenical Temple.
  5129 | D:5      | Reached skill level 10 in Stealth
  5129 | D:5      | Reached XP level 8. HP: 36/39 MP: 2/9
  5231 | D:5      | Reached skill level 1 in Spellcasting
  5414 | D:6      | Reached * piety under Dithmenos
  5594 | D:6      | Reached skill level 5 in Short Blades
  5708 | D:6      | Reached skill level 5 in Dodging
  5708 | D:6      | Reached skill level 5 in Evocations
  6216 | D:6      | Found Juipugem's Distillery.
  6235 | D:6      | Bought a potion of curing for 42 gold pieces
  6235 | D:6      | Bought a potion of haste for 140 gold pieces
  6235 | D:6      | Bought a potion of heal wounds for 70 gold pieces
  6307 | D:6      | Reached skill level 11 in Stealth
  6535 | D:6      | Found a snail-covered altar of Cheibriados.
  6596 | D:7      | Noticed Duvessa
  6598 | D:7      | Killed Duvessa
  6599 | D:7      | Reached XP level 9. HP: 44/44 MP: 13/13
  6600 | D:7      | Noticed Dowan
  6606 | D:7      | Killed Dowan
  6638 | D:7      | Found a sand-covered staircase.
  6644 | Ossuary  | Entered an ossuary
  6784 | Ossuary  | Reached ** piety under Dithmenos
  6848 | D:7      | Found a sparkling altar of Nemelex Xobeh.
  6848 | D:7      | Found a broken altar of Ashenzari.
  6970 | D:7      | Reached skill level 12 in Stealth
  7100 | D:7      | Slain by a wight

Illustrated notes

Levels and vault maps discovered:
D:1:      lemuel_arrival_behind_the_door_small, layout_basic,
          roderic_roman_lattice, minmay_curled_crystal
D:2:      layout_basic, ebering_ecumenical_altar_box
D:3:      layout_basic, serial_shops, shop, chequers_serial_rivers_micro_b,
          minmay_fractal_squares_gapless_5, uniq_robin, uniq_sigmund
D:4:      layout_gridville, nicolae_overflow_squiral, nicolae_ru_path_of_blood,
          nicolae_shop_self_help
D:5:      wad_lake_hut, layout_basic
D:6:      layout_rooms, nicolae_overflow_hidden_temple,
          minmay_temple_entry_butterflies, serial_shops, shop
D:7:      layout_rooms, gammafunk_temple_overflow_statue, enter_ossuary_2,
          minivault_11, uniq_duvessa

Skill      XL: |  1  2  3  4  5  6  7  8  9 |
---------------+----------------------------+-----
Stealth        | 6 7 8 9 10 11 12 | 12.3
Hexes          | 1 2 3 4 |  4.4
Dodging        | 2 3 5 |  5.6
Evocations     | 1 2 3 4 6 7 |  7.0
Short Blades   | 3 4 5 6 |  6.3
Fighting       | 2 3 |  3.5
Maces & Flails | 1 |  1.7
Spellcasting   | 2 |  2.4
Throwing       | |  2.0
Ice Magic      | |  0.5

Action                     |  1- 3 |  4- 6 |  7- 9 || total
---------------------------+-------+-------+-------++-------
  Melee: Dagger            |   103 |    95 |   330 ||   528
         Punch             |     1 |     1 |    12 ||    14
         Whip              |       |    36 |   116 ||   152
  Throw: Dart              |     2 |     7 |       ||     9
   Cast: Ensorcelled Hiber |       |     3 |    10 ||    13
         Confusing Touch   |       |       |    17 ||    17
    Use: Scroll            |     1 |       |    14 ||    15
         Potion            |       |       |     1 ||     1
   Stab: Sleeping          |    11 |    17 |    27 ||    55
         Distracted        |       |     1 |       ||     1
         Confused          |       |       |    10 ||    10
 Armour: Robe              |    13 |    18 |    36 ||    67
  Dodge: Dodged            |    58 |    83 |   289 ||   430

Table legend: (Time is in decaauts)
 A = Elapsed time spent in this place.
 B = Non-inter-level travel time spent in this place.
 C = Inter-level travel time spent in this place.
 D = Time resting spent in this place.
 E = Time spent auto-exploring this place.
 F = Levels seen in this place.
 G = Mean time per level.
                   A        B        C        D        E       F      G
               +--------+--------+--------+--------+--------+-----+--------+
         Total |   5131 |   5011 |    120 |    715 |   3056 |   8 |  641.4 |
       Dungeon |   4986 |   4866 |    120 |    715 |   3015 |   7 |  712.3 |
       Ossuary |    144 |    144 |      0 |      0 |     40 |   1 |  144.0 |
               +--------+--------+--------+--------+--------+-----+--------+

Top non-repeatable levels by time:
     D:5: 1472 daAuts
     D:6: 858 daAuts
     D:3: 854 daAuts
     D:2: 718 daAuts
     D:4: 532 daAuts
     D:1: 339 daAuts
     D:7: 211 daAuts
 Ossuary: 144 daAuts
